Cogmind - Beta 13 @@@ ROGUE MODE // 2024.04.11 @ 09:07:16 Player: Broonsbane Result: Destroyed by C-40 Crusher with Compactor Performance ------------- Evolutions (4) 2000 Regions Visited (11) 2200 Robots Destroyed (50) 250 Value Destroyed (1323) 1323 Prototype IDs (29) 580 Alien Tech Used (0) 0 Bonus (800) 800 TOTAL SCORE: 7153 Bonus ------- Entered DSFs 500 Aligned with FarCom 300 Cogmind --------- Core Integrity 0/850 Matter 279/300 Energy 100/100 System Corruption 43% Temperature Cool (0) Movement Core (50) Location -6/Waste Parts ------- > --- POWER (2) -------- (None) > --- PROPULSION (6) --- (None) > --- UTILITY (4) ------ (None) > --- WEAPON (3) ------- (None) > --- INVENTORY (5) ---- Antigrav Array Improved Cryofiber Web Experimental Sensor Array Advanced ECM Suite Peak State ------------ > --- POWER ------------ Light Deuterium Engine > --- PROPULSION ------- Flexi-carbon Leg Flexi-carbon Leg Flexi-carbon Leg Armored Leg Cesium-ion Thruster > --- UTILITY ---------- Advanced Melee Analysis Suite Cloak of Protection Hacking Suite System Shield > --- WEAPON ----------- HERF Cannon Great Maul > --- INVENTORY -------- Small Storage Unit Experimental Sensor Array Transmission Jammer Advanced ECM Suite Reaction Control System [Rating: 57] Favorites ----------- Power Ion Engine Engine Ion Engine Power Core Light Nuclear Core Propulsion Light Treads Treads Light Treads Leg Flexi-carbon Leg Flight Unit Flight Unit Utility Signal Interpreter Device Cloak of Protection Storage Small Storage Unit Processor Signal Interpreter Hackware Hacking Suite Weapon Improved EM Shotgun Energy Gun Improved EM Shotgun Energy Cannon HERF Cannon Ballistic Gun Light Assault Rifle Impact Weapon Great Maul Build | -11 -10 -10 -9 -9 -9 -8 -8 -7 -7 -6 -6 ------- Run | Yrd Mat Min Mat Min Exi Min Mat Fac DSF Fac Was Slots Evolved 8 | . . . 2 . . . 2 2 . 2 . Power 1 | . . . . . . . . 1 . . . Propulsion 4 | . . . 2 . . . . 1 . 1 . Utility 2 | . . . . . . . 2 . . . . Weapon 1 | . . . . . . . . . . 1 . Parts Attached 76 | 6 6 4 12 . . 7 12 1 . 23 5 Power 13 | 1 1 1 1 . . 1 3 . . 5 . Engine 8 | 1 1 . 1 . . 1 1 . . 3 . Core 5 | . . 1 . . . . 2 . . 2 . Reactor . | . . . . . . . . . . . . Propulsion 25 | 2 1 2 7 . . 4 2 . . 6 1 Treads 8 | . . 2 5 . . 1 . . . . . Leg 9 | 2 1 . . . . . . . . 5 1 Wheel . | . . . . . . . . . . . . Hover . | . . . . . . . . . . . . Flight 8 | . . . 2 . . 3 2 . . 1 . Utility 18 | 1 2 . 1 . . 1 4 . . 6 3 Device 9 | . 1 . . . . 1 3 . . 2 2 Storage 5 | 1 . . 1 . . . 1 . . 1 1 Processor 2 | . 1 . . . . . . . . 1 . Hackware 2 | . . . . . . . . . . 2 . Protection . | . . . . . . . . . . . . Artifact . | . . . . . . . . . . . . Weapon 20 | 2 2 1 3 . . 1 3 1 . 6 1 Energy Gun 7 | 1 . 1 2 . . . 1 1 . . 1 Energy Cannon 2 | . . . . . . . . . . 2 . Ballistic Gun 7 | 1 2 . 1 . . . 1 . . 2 . Ballistic Cannon . | . . . . . . . . . . . . Launcher . | . . . . . . . . . . . . Special Weapon . | . . . . . . . . . . . . Impact Weapon 4 | . . . . . . 1 1 . . 2 . Slashing Weapon . | . . . . . . . . . . . . Piercing Weapon . | . . . . . . . . . . . . Special Melee Weapon . | . . . . . . . . . . . . Unidentified Prototypes . | . . . . . . . . . . . . Parts Lost 30 | . . 3 5 . . . . . . 11 11 Power 5 | . . . 1 . . . . . . 3 1 Propulsion 13 | . . 2 3 . . . . . . 4 4 Utility 5 | . . . . . . . . . . 2 3 Weapon 7 | . . 1 1 . . . . . . 2 3 Highest Loss Streak 6 | . . 3 2 . . . . . . 6 5 To Critical Strikes . | . . . . . . . . . . . . Average Slot Usage (%) 89 | . 99 98 96 100 100 99 91 76 76 65 55 Engine 6 | . 13 2 7 11 11 11 2 . . 4 3 Core 3 | . . 11 3 . . . 6 7 7 1 . Treads 17 | . . 26 34 22 22 16 . . . . . Leg 6 | . 27 . . . . . . . . 12 20 Flight 9 | . . . 6 22 22 27 36 30 30 9 1 Device 2 | . 5 . . . . 2 14 15 15 3 2 Storage 9 | . 14 14 11 11 11 8 6 7 7 1 3 Processor 9 | . 8 14 11 11 11 11 9 7 7 7 5 Hackware 2 | . . . . . . . . . . 10 9 Energy Gun 11 | . 14 13 17 11 11 11 7 1 7 . 1 Ballistic Gun 6 | . 14 14 4 11 11 8 5 . . . . Impact Weapon 1 | . . . . . . 2 3 5 . 4 5 Naked Turns 10 | . . . . . . . . . . . 10 Heaviest Build 38 | 12 20 12 31 29 29 29 21 18 18 38 25 Greatest Support 83 | 20 20 40 83 43 43 43 18 18 18 76 76 Greatest Overweight (x) 2 | . 1 . . . . 2 1 . . 1 2 Average Overweight (x) . | . . . . . . . . . . . . Largest Inventory Capacity 15 | 8 8 8 15 15 15 15 8 8 8 8 8 Average Capacity 10 | 6 8 8 13 15 15 12 7 8 8 5 6 Most Carried 15 | 4 8 8 15 13 14 15 8 8 8 8 8 Average Carried 8 | 2 6 7 10 13 13 12 6 7 8 5 6 Final Capacity 15 | 8 8 8 15 15 15 5 8 8 8 5 5 Final Carried 14 | 4 8 8 13 13 14 5 8 8 8 5 5 Class Distribution -------------------- 54% | Mutant 21% | Scavenger-Mutant 15% | Hacker-Mutant 5% | Sprinter Dominant Class ---------------- Mutant | -10/Materials Mutant | -10/Mines Mutant | -9/Materials Scavenger-Mutant | -9/Mines Scavenger-Mutant | -9/Exiles Scavenger-Mutant | -8/Mines Scavenger-Sprinter | -8/Materials Sprinter | -7/Factory Sprinter | -7/DSF Hacker-Mutant | -6/Factory Mutant | -6/Waste Resources | -11 -10 -10 -9 -9 -9 -8 -8 -7 -7 -6 -6 ----------- Run | Yrd Mat Min Mat Min Exi Min Mat Fac DSF Fac Was Matter Collected 917 | 236 85 67 116 . . 76 60 . . 277 . Remotely . | . . . . . . . . . . . . Salvage Created 2113 | . 153 221 934 . . 172 60 . . 573 . Parts 86 | . 10 8 47 . . 10 3 . . 8 . Haulers Intercepted 1 | . . . . . . . . . . 1 . Recyclers Shooed 3 | . . 1 . . . 1 . . . 1 . Parts Field Recycled . | . . . . . . . . . . . . Retrieved Matter . | . . . . . . . . . . . . Parts Self-Destructed . | . . . . . . . . . . . . Prevented . | . . . . . . . . . . . . Kills | -11 -10 -10 -9 -9 -9 -8 -8 -7 -7 -6 -6 ------- Run | Yrd Mat Min Mat Min Exi Min Mat Fac DSF Fac Was Combat Hostiles Destroyed 35 | . 4 4 18 . . 4 . . . 5 . Melee 3 | . . . . . . . . . . 3 . Guns 28 | . 4 4 16 . . 4 . . . . . AOE 1 | . . . 1 . . . . . . . . Classes Destroyed 12 | . 3 2 3 . . . 1 . . 3 . Worker 2 | . . . 1 . . 1 . . . . . Builder 1 | . . . . . . . . . . 1 . Hauler 1 | . . . . . . . . . . 1 . Recycler 5 | . . 2 . . . 1 . . . 2 . Operator 1 | . . . . . . . 1 . . . . Watcher 7 | . 1 . 4 . . . 1 . . 1 . Swarmer 11 | . 1 . 3 . . 4 . . . 3 . Grunt 15 | . 3 2 9 . . . . . . 1 . Brawler 1 | . . . 1 . . . . . . . . Sentry 5 | . . . 5 . . . . . . . . Programmer 1 | . . . . . . . . . . 1 . Assembled 2 | . . 2 . . . . . . . . . Best Kill Streak 5 | . 3 4 5 . . 5 1 . . 3 . Combat Bots Only 5 | . 3 2 5 . . 4 . . . 2 . Max Kills in Single Turn 2 | . 1 1 2 . . 2 1 . . 1 . Gunslinging 1 | . . . 1 . . 1 . . . . . Exploded 1 | . . . 1 . . . . . . . . Melee 1 | . . . . . . . . . . 1 . Uniques/NPCs Destroyed . | . . . . . . . . . . . . Combat | -11 -10 -10 -9 -9 -9 -8 -8 -7 -7 -6 -6 -------- Run | Yrd Mat Min Mat Min Exi Min Mat Fac DSF Fac Was Hostile Shots Fired 259 | . 46 28 77 . . 21 14 . 3 58 12 Missed 82 | . 14 5 28 . . 8 11 . 2 13 1 Damage Taken 3827 | . 387 345 786 . . 102 29 . 43 985 1150 Core 1093 | . 31 99 88 . . 7 . . 8 154 706 Absorbed by Shields . | . . . . . . . . . . . . Regen/Repaired (Parts) 343 | . . . 214 . . . . . . 129 . Core Remaining (%) 84 | 100 . 48 . . . 76 100 . 98 . . Volleys Fired 122 | . 25 22 53 . . 10 6 . . 6 . Largest 2 | . 2 2 2 . . 2 2 . . 2 . Hottest 176 | . 60 60 90 . . 65 65 . . 176 . Shots Fired 221 | . 47 40 96 . . 20 11 . . 7 . Gun 219 | . 47 40 96 . . 20 11 . . 5 . Cannon 2 | . . . . . . . . . . 2 . Launcher . | . . . . . . . . . . . . Special . | . . . . . . . . . . . . Kinetic 79 | . 25 22 16 . . 10 6 . . . . Thermal 45 | . 22 18 5 . . . . . . . . Explosive . | . . . . . . . . . . . . Electromagnetic 97 | . . . 75 . . 10 5 . . 7 . Robot Hit Streak 13 | . 13 10 11 . . 4 4 . . 7 . Robot Miss Streak 5 | . 5 4 4 . . 5 4 . . 2 . Penetration Max . | . . . . . . . . . . . . Secondary Targets 4 | . 1 . 1 . . 2 . . . . . Max Gunslinging Chain 1 | . 1 . 1 . . 1 . . . . . Shots Hit Robots 179 | . 32 25 76 . . 15 7 . . 22 2 Core Hits 87 | . 10 13 44 . . 7 4 . . 4 5 Critical Kills . | . . . . . . . . . . . . Critical Parts Destroyed 8 | . . . 1 . . . . . . 7 . Critical Strikes 8 | . . . 1 . . . . . . 7 . Destroy 1 | . . . 1 . . . . . . . . Smash 7 | . . . . . . . . . . 7 . Melee Attacks 60 | . . . . . . 2 7 . . 24 27 Impact 60 | . . . . . . 2 7 . . 24 27 Slashing . | . . . . . . . . . . . . Piercing . | . . . . . . . . . . . . Sneak Attacks 5 | . . . . . . 1 . . . 4 . Combat Hostiles . | . . . . . . . . . . . . Follow-up Attacks . | . . . . . . . . . . . . Damage Inflicted 3792 | . 315 257 1392 . . 411 139 . . 1146 132 Guns 2061 | . 303 257 1163 . . 154 139 . . 45 . Cannons 30 | . . . . . . . . . . 30 . Explosions 313 | . . . 227 . . . . . . 86 . Melee 1337 | . . . . . . 244 . . . 985 108 Ramming 51 | . 12 . 2 . . 13 . . . . 24 Kinetic 389 | . 130 113 74 . . 48 24 . . . . Thermal 618 | . 173 144 247 . . . . . . 54 . Explosive . | . . . . . . . . . . . . Electromagnetic 1397 | . . . 1069 . . 106 115 . . 107 . Impact 1337 | . . . . . . 244 . . . 985 108 Slashing . | . . . . . . . . . . . . Piercing . | . . . . . . . . . . . . Highest Corruption 43 | . . . . . . . . . . 1 43 Average Corruption 6 | . . . . . . . . . . 1 22 Corruption Purged . | . . . . . . . . . . . . Corruption Blocked . | . . . . . . . . . . . . Effects 18 | . . . . . . . . . . 4 14 Message Errors 6 | . . . . . . . . . . 1 5 Matter Fused 3 | . . . . . . . . . . 2 1 Heat Flow Errors 5 | . . . . . . . . . . 1 4 Energy Discharges 2 | . . . . . . . . . . . 2 Data Loss (major) 1 | . . . . . . . . . . . 1 Misdirections 1 | . . . . . . . . . . . 1 Overload Shots . | . . . . . . . . . . . . Overflow Damage 935 | . . . 59 . . 191 . . . 685 . Projectiles 5 | . . . . . . . . . . 5 . Explosions 116 | . . . 59 . . . . . . 57 . Melee 814 | . . . . . . 191 . . . 623 . Knockbacks 4 | . . . . . . . . . . 4 . Impact 4 | . . . . . . . . . . 4 . Kinetic . | . . . . . . . . . . . . Secondary . | . . . . . . . . . . . . Self-Inflicted Damage 403 | . . . 155 . . . . . . 237 11 Shots 10 | . . . 4 . . . . . . 6 . Rammed 10 | . . . 1 . . 3 . . . . 6 Targets Rammed 11 | . 1 . 1 . . 3 . . . . 6 Kicked 1 | . 1 . . . . . . . . . . Crushed . | . . . . . . . . . . . . Highest Temperature 336 | . 336 107 110 . . 36 32 . . 105 269 Average Temperature 59 | . 133 34 37 . . 19 15 . . 33 106 Received Heat Transfer 597 | . 186 105 279 . . . 9 . . 18 . Effects 2 | . 2 . . . . . . . . . . Interference 2 | . 2 . . . . . . . . . . Siege Activations . | . . . . . . . . . . . . Robots Corrupted 1 | . . . 1 . . . . . . . . Combat Hostiles 1 | . . . 1 . . . . . . . . Parts Fried 16 | . . . 7 . . 1 1 . . 7 . Impact Corruptions 29 | . . . . . . 8 . . . 21 . Robots Melted . | . . . . . . . . . . . . Combat Hostiles . | . . . . . . . . . . . . Parts Melted 1 | . 1 . . . . . . . . . . Heat Transferred 1175 | . 400 325 400 . . . . . . 50 . Parts Sabotaged . | . . . . . . . . . . . . Parts Stolen . | . . . . . . . . . . . . Parts Stripped . | . . . . . . . . . . . . Power Chain Reactions 7 | . . . 5 . . . . . . 2 . Alert | -11 -10 -10 -9 -9 -9 -8 -8 -7 -7 -6 -6 ------- Run | Yrd Mat Min Mat Min Exi Min Mat Fac DSF Fac Was Peak Influence 323 | . 120 50 323 117 . 105 282 140 98 110 35 Initial 135 | . . 10 . 117 . . 40 135 98 51 35 Average 98 | . 60 40 165 117 . 34 131 135 98 70 12 Maximum Alert Level 1 | . . . 1 . . . 1 . . . . Low Security (%) 85 | 100 100 100 64 100 . 100 65 100 100 100 100 Level 1 14 | . . . 35 . . . 34 . . . . Level 2 . | . . . . . . . . . . . . Level 3 . | . . . . . . . . . . . . Level 4 . | . . . . . . . . . . . . Level 5 . | . . . . . . . . . . . . High Security . | . . . . . . . . . . . . Max Security . | . . . . . . . . . . . . Squads Dispatched 10 | . 1 . 3 . . . 2 . 1 3 . Investigation 5 | . 1 . 3 . . . . . . 1 . Extermination 1 | . . . . . . . . . . 1 . Reinforcement 3 | . . . . . . . 1 . 1 1 . Assault . | . . . . . . . . . . . . Garrison 1 | . . . . . . . 1 . . . . Intercept . | . . . . . . . . . . . . Searches Triggered . | . . . . . . . . . . . . Construction Impeded . | . . . . . . . . . . . . Haulers Reinforced . | . . . . . . . . . . . . Active Scanning Responses . | . . . . . . . . . . . . Cargo Convoy Interrupts . | . . . . . . . . . . . . Stealth | -11 -10 -10 -9 -9 -9 -8 -8 -7 -7 -6 -6 --------- Run | Yrd Mat Min Mat Min Exi Min Mat Fac DSF Fac Was Distress Signals 2 | . . . 1 . . . 1 . . . . Communications Jammed . | . . . . . . . . . . . . Distress Signals . | . . . . . . . . . . . . Times Spotted 86 | . 7 5 26 . . 4 19 . 2 9 14 Peak Tracking Total 12 | . 5 2 6 . . 2 12 . 2 4 5 Tactical Retreats 12 | . . 1 3 . . . 4 . 1 1 2 Traps | -11 -10 -10 -9 -9 -9 -8 -8 -7 -7 -6 -6 ------- Run | Yrd Mat Min Mat Min Exi Min Mat Fac DSF Fac Was Traps Triggered 10 | . 3 . 1 . . . . . . 6 . Indirectly 4 | . . . . . . . . . . 4 . Trap Hack Attempts . | . . . . . . . . . . . . Triggered . | . . . . . . . . . . . . Disarmed . | . . . . . . . . . . . . Reprogrammed . | . . . . . . . . . . . . Reused . | . . . . . . . . . . . . Traps Extracted . | . . . . . . . . . . . . Installed . | . . . . . . . . . . . . Triggered . | . . . . . . . . . . . . Machines | -11 -10 -10 -9 -9 -9 -8 -8 -7 -7 -6 -6 ---------- Run | Yrd Mat Min Mat Min Exi Min Mat Fac DSF Fac Was Machines Disabled 7 | . . . 2 . . . . . . 5 . Max in Single Turn 4 | . . . 1 . . . . . . 4 . Machines Repaired . | . . . . . . . . . . . . Machines Dismantled . | . . . . . . . . . . . . Machines Sabotaged . | . . . . . . . . . . . . Overloaded Fab Kills . | . . . . . . . . . . . . Hacking | -11 -10 -10 -9 -9 -9 -8 -8 -7 -7 -6 -6 --------- Run | Yrd Mat Min Mat Min Exi Min Mat Fac DSF Fac Was Machines Accessed 20 | . 6 . 6 . 1 . 1 2 . 4 . Terminals 11 | . 5 . 2 . . . 1 1 . 2 . Fabricators 2 | . . . . . . . . 1 . 1 . Repair Stations 4 | . 1 . 2 . . . . . . 1 . Recycling Units . | . . . . . . . . . . . . Scanalyzers 2 | . . . 2 . . . . . . . . Garrison Access . | . . . . . . . . . . . . Total Hacks 50 | . 14 . 19 . 1 . 2 3 . 11 . Successful 24 | . 4 . 12 . 1 . . 3 . 4 . Failed 26 | . 10 . 7 . . . 2 . . 7 . Catastrophic 3 | . 1 . 1 . . . 1 . . . . Database Lockouts . | . . . . . . . . . . . . Manual 3 | . 2 . . . 1 . . . . . . Terminals 26 | . 12 . 6 . . . 2 1 . 5 . Fabricators 4 | . . . . . . . . 2 . 2 . Repair Stations 14 | . 2 . 8 . . . . . . 4 . Recycling Units . | . . . . . . . . . . . . Scanalyzers 5 | . . . 5 . . . . . . . . Garrison Access . | . . . . . . . . . . . . Terminal Hacks 10 | . 4 . 4 . 1 . . 1 . . . Record 1 | . . . 1 . . . . . . . . Robot Analysis 1 | . 1 . . . . . . . . . . Prototype ID Bank 3 | . 2 . 1 . . . . . . . . Open DSF 1 | . . . . . . . . 1 . . . Alert Level 1 | . . . 1 . . . . . . . . Security Status 1 | . . . 1 . . . . . . . . Reinforcement Status 1 | . 1 . . . . . . . . . . Derelict Proto ID Bank 1 | . . . . . 1 . . . . . . Fabricator Hacks 4 | . . . . . . . . 2 . 2 . Network Status 2 | . . . . . . . . 1 . 1 . Build 2 | . . . . . . . . 1 . 1 . Repair Station Hacks 7 | . . . 5 . . . . . . 2 . Scan Component 4 | . . . 3 . . . . . . 1 . Repair 3 | . . . 2 . . . . . . 1 . Recycling Unit Hacks . | . . . . . . . . . . . . Scanalyzer 3 | . . . 3 . . . . . . . . Insert Component 3 | . . . 3 . . . . . . . . Garrison Access Hacks . | . . . . . . . . . . . . Unauthorized Hacks . | . . . . . . . . . . . . Terminals . | . . . . . . . . . . . . Fabricators . | . . . . . . . . . . . . Repair Stations . | . . . . . . . . . . . . Recycling Units . | . . . . . . . . . . . . Scanalyzers . | . . . . . . . . . . . . Garrison Access . | . . . . . . . . . . . . Data Cores Recovered . | . . . . . . . . . . . . Used . | . . . . . . . . . . . . Hacking Detections 15 | . 6 . 3 . . . 1 1 . 4 . Full Trace Events 4 | . 1 . 2 . . . 1 . . . . Feedback Events . | . . . . . . . . . . . . Feedback Blocked . | . . . . . . . . . . . . Robot Schematics Acquired . | . . . . . . . . . . . . Robots Built . | . . . . . . . . . . . . Authchips . | . . . . . . . . . . . . Time . | . . . . . . . . . . . . Total Robot Build Rating . | . . . . . . . . . . . . Part Schematics Acquired . | . . . . . . . . . . . . Parts Built 3 | . . . . . . . . 1 . 2 . Authchips . | . . . . . . . . . . . . Time 131 | . . . . . . . . 84 . 47 . Total Part Build Rating 14 | . . . . . . . . 4 . 10 . Parts Repaired 3 | . . . 2 . . . . . . 1 . Time 108 | . . . 58 . . . . . . 50 . Parts Recycled . | . . . . . . . . . . . . Recycled Matter . | . . . . . . . . . . . . Retrieved Matter . | . . . . . . . . . . . . Retrieved Components . | . . . . . . . . . . . . Parts Scanalyzed . | . . . . . . . . . . . . Part Schematics Acquired . | . . . . . . . . . . . . Parts Damaged . | . . . . . . . . . . . . Bothacking | -11 -10 -10 -9 -9 -9 -8 -8 -7 -7 -6 -6 ------------ Run | Yrd Mat Min Mat Min Exi Min Mat Fac DSF Fac Was Used RIF Installer . | . . . . . . . . . . . . Robots Hacked . | . . . . . . . . . . . . Non-combat . | . . . . . . . . . . . . Combat . | . . . . . . . . . . . . Robot Hacks Applied . | . . . . . . . . . . . . Relay Couplers Released . | . . . . . . . . . . . . Fabnet Peak Effective % . | . . . . . . . . . . . . Robots Rewired . | . . . . . . . . . . . . Allies Hacked . | . . . . . . . . . . . . Hacks Repelled . | . . . . . . . . . . . . Allies | -11 -10 -10 -9 -9 -9 -8 -8 -7 -7 -6 -6 -------- Run | Yrd Mat Min Mat Min Exi Min Mat Fac DSF Fac Was Total Allies 1 | . . . . . . . . . . . 1 Largest Group 1 | . . . . . . . . . . . 1 Highest-Rated Group 31 | . . . . . . . . . . . 31 Highest-Rated Ally 31 | . . . . . . . . . . . 31 Total Orders . | . . . . . . . . . . . . Ally Attacks 9 | . . . . . . . . . . . 9 Total Damage 167 | . . . . . . . . . . . 167 Kills . | . . . . . . . . . . . . Allies Corrupted . | . . . . . . . . . . . . Allies Melted . | . . . . . . . . . . . . Intel | -11 -10 -10 -9 -9 -9 -8 -8 -7 -7 -6 -6 ------- Run | Yrd Mat Min Mat Min Exi Min Mat Fac DSF Fac Was Robot Analysis Total 1 | . 1 . . . . . . . . . . Derelict Logs Recovered 2 | . . 2 . . . . . . . . . Drone Launches . | . . . . . . . . . . . . Drone Recoveries . | . . . . . . . . . . . . Exploration | -11 -10 -10 -9 -9 -9 -8 -8 -7 -7 -6 -6 ------------- Run | Yrd Mat Min Mat Min Exi Min Mat Fac DSF Fac Was Turns Passed 4681 | 76 529 467 1563 66 341 294 219 104 23 743 256 Spaces Moved 3122 | 54 365 244 704 42 213 242 461 62 83 542 110 Core 6 | 2 . . . . . . . . . . 4 Treads 1315 | . . 244 704 42 213 112 . . . . . Legs 831 | 52 365 . . . . . . . . 308 106 Wheels . | . . . . . . . . . . . . Hover . | . . . . . . . . . . . . Flight 970 | . . . . . . 130 461 62 83 234 . Fastest Speed 28 | 50 120 160 160 160 160 31 28 28 28 28 50 Average Speed 109 | 117 120 160 160 160 160 93 29 28 28 86 118 Slowest Speed 214 | 120 190 160 160 160 160 214 108 28 28 120 150 Overloaded Moves . | . . . . . . . . . . . . Propulsion Burnouts . | . . . . . . . . . . . . Robots Hopped 12 | . . . . . . 2 9 . . 1 . Cave-ins Triggered 3 | . . . . . . . . . . . 3 Exploration Rate (%) 41 | 4 56 50 54 14 60 66 40 2 80 12 58 Regions Visited 11 Branch Regions 4 Pre-discovered Areas 1 | . . 1 . . . . . . . . . Known Exits Taken 8 | . 1 1 1 1 1 1 1 1 . . . Unknown Exits Taken 1 | 1 . . . . . . . . . . . Scrap Searched 1 | . . . . . . 1 . . . . . Spaces Dug 30 | . . . . . . . 5 . . . 25 Terrain Destroyed 64 | . . . 24 . . . 5 . . 10 25 Melee 30 | . . . . . . . 5 . . . 25 Projectile . | . . . . . . . . . . . . AOE 34 | . . . 24 . . . . . . 10 . Terrain Rammed . | . . . . . . . . . . . . Walls Destroyed . | . . . . . . . . . . . . Machines Disabled . | . . . . . . . . . . . . Actions | -11 -10 -10 -9 -9 -9 -8 -8 -7 -7 -6 -6 --------- Run | Yrd Mat Min Mat Min Exi Min Mat Fac DSF Fac Was Total 4021 | 63 411 285 1047 41 213 282 510 149 82 758 180 Wait 568 | . 7 14 258 . . 12 21 84 . 144 28 Move 3090 | 53 364 243 703 41 212 237 444 61 82 540 110 Hop 10 | . . . . . . 2 7 . . 1 . Pick Up 46 | 4 5 2 14 . 1 3 4 1 . 9 3 Fast Attach 41 | 6 6 . 5 . . 3 3 . . 14 4 Attach 18 | . . 3 5 . . . 3 1 . 5 1 Detach 6 | . . . . . . . 3 1 . 2 . Swap 17 | . . 1 2 . . 4 6 . . 4 . Drop 32 | . 3 . 6 . . 6 6 1 . 9 1 Fire 122 | . 25 22 53 . . 10 6 . . 6 . Melee 60 | . . . . . . 2 7 . . 24 27 Ram 6 | . . . . . . . . . . . 6 Kick 1 | . 1 . . . . . . . . . . Crush 4 | . . . 1 . . 3 . . . . . Escape Stasis . | . . . . . . . . . . . . Rewire . | . . . . . . . . . . . . Trap . | . . . . . . . . . . . . Miscellaneous . | . . . . . . . . . . . . Route ------- -11/Scrapyard -10/Materials (discovered 2 exits: *Mat / *Min) -10/Mines (discovered 2 exits: *Mat x2) -9/Materials (discovered 2 exits: *Mat / *Min) -9/Mines -9/Exiles -8/Mines -8/Materials -7/Factory -7/DSF -6/Factory -6/Waste History --------- Turn | Location | Event 2 | -11/Scrapyard | Met Revision 17 7 | -11/Scrapyard | Discovered new exit (range 15) 77 | -11/Scrapyard | Entered Materials 135 | -10/Materials | Discovered new exit (range 15) 317 | -10/Materials | Build established: Mutant 401 | -10/Materials | Identified exit to Materials 595 | -10/Materials | Discovered new exit (range 9) 603 | -10/Materials | Identified exit to Mines 606 | -10/Materials | Entered Mines 630 | -10/Mines | Discovered exit to Materials (range 12) 649 | -10/Mines | Lost 3 parts (2n1w) 686 | -10/Mines | Learned Materials stockpile data 786 | -10/Mines | Learned 4 Materials zone layouts 788 | -10/Mines | Learned location of Storage (-8) 864 | -10/Mines | Assembled infested the area 865 | -10/Mines | Found a damaged Exp. Sensor Array with a note attached 868 | -10/Mines | Found Prototype Device 1023 | -10/Mines | Core integrity fell below 50% 1049 | -10/Mines | Discovered exit to Materials (range 6) 1073 | -10/Mines | Entered Materials 1073 | -9/Materials | Evolved 2 slots: Propulsion x2 1074 | -9/Materials | Identified exit to Mines 1382 | -9/Materials | Identified Exp. Sensor Array 1477 | -9/Materials | Discovered new exit (range 16) 1506 | -9/Materials | Identified exit to Materials 2422 | -9/Materials | Repaired Imp. Treads 2450 | -9/Materials | Repaired Lgt. Treads 2636 | -9/Materials | Entered Mines 2696 | -9/Mines | Deemed a non-threat by the Exiles lab entrance 2696 | -9/Mines | Discovered new exit (range 5) 2700 | -9/Mines | Identified exit to Exiles 2702 | -9/Mines | Entered Exiles 2741 | -9/Exiles | Met 8R-AWN 2756 | -9/Exiles | Build established: Scavenger-Mutant 2768 | -9/Exiles | Met EX-HEX 2818 | -9/Exiles | Met EX-BIN 2835 | -9/Exiles | Aligned with FarCom system 2837 | -9/Exiles | Given EX-Vault access code 2877 | -9/Exiles | Opened EX-Vault 2891 | -9/Exiles | Found Cloak of Protection 2927 | -9/Exiles | Warned to stay clear of 0b10 Research branches 2972 | -9/Exiles | Met EX-DEC 3028 | -9/Exiles | Discovered new exit (range 10) 3041 | -9/Exiles | Identified exit to Mines 3043 | -9/Exiles | Left Exiles lab with Cloak of Protection 3043 | -9/Exiles | Entered Mines 3330 | -8/Mines | Discovered exit to Materials (range 5) 3337 | -8/Mines | Entered Materials 3337 | -8/Materials | Evolved 2 slots: Utility x2 3370 | -8/Materials | Garrison activated, responded to threat 3495 | -8/Materials | Discovered new exit (range 16) 3499 | -8/Materials | Identified exit to Factory 3556 | -8/Materials | Entered Factory 3556 | -7/Factory | Evolved 2 slots: Power x1, Propulsion x1 3645 | -7/Factory | Fabricated Arc Projector (x1) 3659 | -7/Factory | Identified exit to DSF 3660 | -7/Factory | Entered DSF 3677 | -7/DSF | Additional patrols routed to DSF 3679 | -7/DSF | Discovered new exit (range 16) 3683 | -7/DSF | Identified exit to Factory 3683 | -7/DSF | Entered Factory 3683 | -6/Factory | Evolved 2 slots: Propulsion x1, Weapon x1 3751 | -6/Factory | Lost 6 parts (1p2n2u1w) 3823 | -6/Factory | Fabricated Thermal Shield (x2) 4084 | -6/Factory | Lost 5 parts (2p2n1w) 4132 | -6/Factory | Build established: Hacker-Mutant 4404 | -6/Factory | Repaired Flexi-carbon Leg 4426 | -6/Factory | Sucked down chute 4426 | -6/Factory | Entered Waste 4427 | -6/Waste | Met a frightened Derelict 4441 | -6/Waste | EMP discharged 4441 | -6/Waste | System corruption reached 10% 4447 | -6/Waste | Spotted C-40 Crusher 4454 | -6/Waste | Spotted C-40 Crusher 4471 | -6/Waste | Spotted C-40 Crusher 4493 | -6/Waste | Crushed by Compactor (1 part destroyed, 1 dropped) 4498 | -6/Waste | Spotted C-40 Crusher 4502 | -6/Waste | Spotted C-40 Crusher 4541 | -6/Waste | EMP discharged 4555 | -6/Waste | Crushed by falling debris 4586 | -6/Waste | Lost 3 parts (1p2u) 4587 | -6/Waste | Crushed by falling debris 4587 | -6/Waste | System corruption reached 30% 4641 | -6/Waste | EMP discharged 4654 | -6/Waste | Spotted C-40 Crusher 4657 | -6/Waste | Crushed by Compactor (1 part destroyed, 1 dropped) 4658 | -6/Waste | Core integrity fell below 50% 4660 | -6/Waste | Crushed by Compactor (1 part destroyed, 2 dropped) 4663 | -6/Waste | Crushed by Compactor (1 part destroyed, 1 dropped) 4666 | -6/Waste | Crushed by Compactor (1 part destroyed) 4675 | -6/Waste | Crushed by falling debris 4675 | -6/Waste | Crushed by Compactor (1 part destroyed) 4677 | -6/Waste | Core integrity fell below 20% 4682 | -6/Waste | Destroyed by C-40 Crusher with Compactor Last Messages --------------- System corrupted (+10). System corrupted: Substantial component data lost. Flexi-carbon Leg crushed. Cloak of Protection crushed. Arm. Leg crushed. Adv. Melee Analysis Suite crushed. Flexi-carbon Leg crushed. System corrupted: Matter fused (-7). Great Maul crushed. Hacking Suite crushed. Acquired Cloak of Protection. Cloak of Protection crushed. Acquired Flexi-carbon Leg. The unstable cave ceiling collapses. Crushed by falling debris. Flexi-carbon Leg crushed. Slammed into C-40 Crusher. YSGCR/CU:B7WQRISUITRC5 BY0# Slammed into C-40 Crusher. Map ----- +----------------------------------------------------+ | ????????????????# #???????????????????????? | | ??????######????# #???????????????????????? | | ??????# #????### #"##??????????????????????? | | ??????# #??????# ## #??????????????????????? | | ??????# #??????# ####??????????????????????? | | ??????# #??????# !# #??????????????????????? | | ????### #??????# ####??????????????????????? | | ????# #??????# ####??????????????????????? | | ????# #??????# "##???????????????????????? | | ????# #??????# # #???????????????????????? | | ????# #??????# # #???????????????????????? | | ????### #??????# # #???????????????????????? | | ??????# #??????# ###???????????????????????? | | ??????# #??????# # #???????????????????????? | | ??????# #??????# # #???????????????????????? | | ????### ######## ###???????????????????????? | | ????# # #???????????????????????? | | ????# ###???????????????????????? | | ????# # #???????????????????????? | | ????# # #???????????????????????? | | ????### ######## # #???????????????????????? | | ####??# #??????# # #???????????????????????? | | #??# #??????# # #???????????????????????? | | #??# #??????# ####??????????????????????? | | #### ######## ;#;##### #?????????????? | | CC@CC #?????????????? | | CC CC #?????????????? | | CCCCCC #?????????????? | | CCCCCC #?????????????? | | #### ######## ######## #?????????????? | | #??# #??????# #???????? #?????????????? | | #??# #??????# #????????? #?????????????? | | ####??# #??????# #?????????? #?????????????? | | ??????# #??????# ????????????#?????????????? | | ??????######??????#####??????????????????????????? | | ?????????????????????????????????????????????????? | | ?????????????????????????????????????????????????? | | ?????????????????????????????????????????????????? | | ?????????????????????????????????????????????????? | | ?????????????????????????????????????????????????? | | ?????????????????????????????????????????????????? | | ?????????????????????????????????????????????????? | | ?????????????????????????????????????????????????? | | ?????????????????????????????????????????????????? | | ?????????????????????????????????????????????????? | | ?????????????????????????????????????????????????? | | ?????????????????????????????????????????????????? | | ?????????????????????????????????????????????????? | | ?????????????????????????????????????????????????? | | ?????????????????????????????????????????????????? | +----------------------------------------------------+ Best States ------------- Heat Dissipation 37 Energy Generation 27 Energy Capacity 250 Matter Stores 300 Matter Capacity 300 Sight Range 16 Terrain Scan Density 10 ECM Strength 1 Jamming Range 12 Evasion (%) 72 Melee Accuracy 8 Recoil Reduction 4 Offensive Hacking 10 Defensive Hacking 10 Item Schematics ----------------- None Robot Schematics ------------------ None Fabricated ------------ Arc Projector | x1 | -7/Factory | Preloaded Thermal Shield | x2 | -6/Factory | Preloaded Alien Tech Used ----------------- None Achievements -------------- Cya! I Survived The Infestation Just What I Needed Power Corrupts Slippery One Unlikely Earthworm Challenges ------------ None Game ------ Seed SiegeScatterInterrupter Manual? 0 Play Time 01:14:06 Cumulative 9.3 hours Start 2024.04.11 @ 07:32:11 End 2024.04.11 @ 09:07:16 Sessions 1 Manual Loads 0 Difficulty Rogue Special Mode None Game No. 10 Rogue 10 Adventurer 0 Explorer 0 Win Type - Total 0 Types 0/0/0/0/0/0/0/0/0 Lore% 13 Gallery% 16 Achievement% 16 Wizard Run 0 Options --------- Layout 1 ASCII 0 Keyboard 0 Movement Arrows Keybinds 0 Fullscreen 1 Font 32/SmallcapsGlow Map View 50x35 Zoom Use 0% Tactical HUD 0 Map Filters NONE Filters NONE Steam 1 RUN: 0965fe76-42e1-45a8-99d4-5a8ac8d3e715